 Dungeon Crawl Stone Soup version 0.28-a0-445-g51f8dfeb47 (webtiles) character file.

Game seed: 13273647157090815915

7471 kirax the Cleaver (level 10, -4/91 HPs)
             Began as a Minotaur Berserker on Sept 12, 2021.
             Was an Elder of Trog.
             Slain by a centaur warrior (11 damage)
             ... on level 9 of the Dungeon.
             The game lasted 01:24:43 (12472 turns).

kirax the Cleaver (Minotaur Berserker)             Turns: 12472, Time: 01:24:44

Health: -4/91      AC: 13    Str: 21    XL:     10   Next: 94%
Magic:  9/9        EV: 14    Int:  4    God:    Trog [****..]
Gold:   170        SH:  0    Dex: 14    Spells: 9/9 levels left

rFire   + . .      SeeInvis .   a - +2 war axe
rCold   + . .      Faith    .   (no shield)
rNeg    . . .      Spirit   .   I - +2 ring mail {rF+}
rPois   .          Reflect  .   (helmet restricted)
rElec   .          Harm     .   e - +0 cloak
rCorr   .          Rampage  .   F - +0 pair of gloves
Will    .....                   v - +0 pair of boots
Stlth   +.........              (no amulet)
HPRegen 0.25/turn               G - ring of protection from cold
MPRegen 0.11/turn               E - +4 ring of slaying

@: mighty, on berserk cooldown, slowed, very slow
A: horns 2, retaliatory headbutt
a: Renounce Religion, Berserk, Trog's Hand, Brothers in Arms


You were on level 9 of the Dungeon.
You worshipped Trog.
Trog was greatly pleased with you.
You visited 1 branch of the dungeon, and saw 9 of its levels.
You also visited: Ossuary.

You collected 436 gold pieces.
You spent 266 gold pieces at shops.

Inventory:

Hand Weapons
 a - a +2 war axe (weapon)
 b - a +3 whip of venom
Armour
 e - a +0 cloak (worn)
 v - a +0 pair of boots (worn)
 F - a +0 pair of gloves (worn)
 I - a +2 ring mail of fire resistance (worn)
Jewellery
 y - a ring of see invisible
 E - a +4 ring of slaying (right hand)
 G - a ring of protection from cold (left hand)
Wands
 u - a wand of iceblast (8)
 z - a wand of mindburst (4)
 B - a wand of polymorph (13)
Scrolls
 c - 3 scrolls of teleportation
 d - 3 scrolls of fog
 f - 3 scrolls of magic mapping
 h - 5 scrolls of immolation
 k - a scroll of enchant armour {unknown}
 m - 2 scrolls of noise {unknown}
 n - 2 scrolls of torment {unknown}
 q - 3 scrolls of holy word
 s - a scroll of amnesia {unknown}
 w - a scroll of silence {unknown}
 D - 2 scrolls of acquirement {unknown}
Potions
 g - a potion of lignification
 j - a potion of ambrosia
 l - a potion of degeneration {unknown}
 o - a potion of might
 p - a potion of heal wounds
 r - 2 potions of mutation
 t - 4 potions of curing
 x - 3 potions of flight
 C - a potion of resistance {unknown}
 H - a potion of haste {unknown}
 J - a potion of attraction {unknown}


   Skills:
 + Level 9.2 Fighting
 * Level 12.1 Axes
 - Level 1.9 Throwing
 + Level 8.7 Armour
 + Level 8.2 Dodging
 - Level 5.0 Evocations


You had 9 spell levels left.
You didn't know any spells.
Your spell library contained the following spells:

 Spells                   Type           Power      Damage    Failure   Level
 Ensorcelled Hibernation  Hex/Ice        0%         N/A       78%         2
 Spider Form              Tmut/Pois      0%         N/A       95%         3


Dungeon Overview and Level Annotations

Branches:
Dungeon (9/15)             Temple (0/1) D:4         Ossuary (visited)
   Lair: D:8-11         Orc: D:9-12

Altars:
Cheibriados
Dithmenos
Fedhas
Hepliaklqana
Kikubaaqudgha
Okawaru
Ru
Sif Muna
Wu Jian

Shops:
D:6 ?(*?   D:7 =(

Annotations:
D:9 3 runed translucent doors, Gargoyl's ghost, journeyman GnAK; aves's ghost, novice DsDe


Innate Abilities, Weirdness & Mutations

You have a pair of horns on your head.
You reflexively headbutt those who attack you in melee.


Message History

As you read the scroll of fog, it crumbles to dust.
The scroll dissolves into smoke.
The centaur warrior shoots an arrow.
The arrow hits you!
You feel much better.
The centaur warrior shoots an arrow.
The arrow hits you!
You feel very mighty all of a sudden.
The centaur warrior unwields a +0 shortbow.
The centaur warrior hits you!
* * * LOW HITPOINT WARNING * * *
The centaur warrior barely misses you. The centaur warrior closely misses you.
The centaur warrior completely misses you.
You are too injured to fight recklessly!
You fail to use your ability.
The centaur warrior closely misses you.
The centaur warrior kicks you but does no damage.
The centaur warrior closely misses you. x2
You are too injured to fight recklessly!
You are too injured to fight recklessly!
Your ring mail prevents you from hitting the centaur warrior.
You headbutt the centaur warrior!
The centaur warrior is heavily wounded.
The centaur warrior drinks a potion.
The centaur warrior goes berserk!
The centaur warrior closely misses you.
The centaur warrior kicks you but does no damage.
You slash the centaur warrior! You headbutt the centaur warrior!
The centaur warrior is severely wounded.
The centaur warrior hits you.
* * * LOW HITPOINT WARNING * * *
The centaur warrior kicks you but does no damage.
The centaur warrior hits you!
* * * LOW HITPOINT WARNING * * *
The centaur warrior barely misses you. The centaur warrior closely misses you.
The centaur warrior kicks you.
* * * LOW HITPOINT WARNING * * *
You feel much better.
The centaur warrior hits you but does no damage.
The centaur warrior kicks you.
* * * LOW HITPOINT WARNING * * *
The centaur warrior hits you!
* * * LOW HITPOINT WARNING * * *
The centaur warrior barely misses you. The centaur warrior hits you!
You die...

.#..#.##### #...c#
.#........###)##.#
.##.....#...)....#
.##....##.###.##.#
....#.###.# #.##§#
.§........# #.§§§#
≈§≈≈≈§≈≈..# ###§§#
≈§[.....≈.# ##c#
≈.#####.§.# #@####
≈.#....§≈.# ##§§§.#
≈.#._.#.≈.# ##§###.#
≈.....#.≈.####...##.##
≈.#####.≈.'............
≈.......≈.####...##)###
≈≈≈≈≈≈≈≈≈.# ##.## #
....§.§§..# ###
####...####


You could see a centaur warrior (berserk).

Vanquished Creatures
  2 two-headed ogres
  Joseph (D:7)
  A hornet (D:9)
  2 trolls
  Sigmund (D:3)
  10 yaks (D:8)
  A steam dragon (D:9)
  3 ice beasts
  A water moccasin (D:6)
  4 orc warriors
  2 sky beasts
  A black bear (D:6)
  3 hornet zombies
  A centaur (D:9)
  2 elf zombies (Ossuary)
  A kobold brigand (D:7)
  3 bullfrogs
  3 wyvern zombies
  4 scorpions
  A killer bee (D:9)
  2 howler monkeys
  5 centaur zombies
  A bullfrog zombie (D:6)
  2 hounds
  A jelly (D:4)
  2 orc priests
  A gnoll shaman (D:4)
  A human zombie (Ossuary)
  Crazy Yiuf (D:7)
  2 bullfrog skeletons
  Jessica (D:3)
  A scorpion zombie (D:5)
  4 orc wizards
  Natasha (thrice) (D:4)
  2 iguanas
  A hound skeleton (D:4)
  A hound zombie (D:5)
  2 mummies (Ossuary)
  Robin (D:3)
  7 gnolls
  14 adders
  A white imp (D:5)
  An adder zombie (Ossuary)
  An adder skeleton (D:4)
  4 worms
  2 dart slugs (D:1)
  18 orcs
  5 ball pythons
  8 endoplasms
  2 giant cockroaches
  9 hobgoblins
  3 jackals (D:4)
  2 quokkas
  7 bats
  2 frilled lizards
  14 goblins
  A goblin zombie (Ossuary)
  6 hobgoblin zombies (Ossuary)
  12 kobolds
  14 kobold zombies (Ossuary)
  7 orc zombies (Ossuary)
  7 rats
  A rat zombie (Ossuary)
229 creatures vanquished.

Vanquished Creatures (others)
  20 plants (D:9)
20 creatures vanquished.

Grand Total: 249 creatures vanquished

Notes
Turn   | Place    | Note
-------+----------+-------------------------------------------
     0 | D:1      | kirax the Minotaur Berserker began the quest for the Orb.
     0 | D:1      | Reached XP level 1. HP: 19/19 MP: 0/0
   231 | D:1      | Reached XP level 2. HP: 21/27 MP: 1/1
   595 | D:1      | Reached skill level 4 in Axes
   707 | D:1      | Found a faded altar of an unknown god.
  1187 | D:2      | Reached XP level 3. HP: 33/33 MP: 2/2
  1189 | D:2      | Reached ** piety under Trog
  1731 | D:2      | Reached XP level 4. HP: 30/40 MP: 3/3
  1825 | D:2      | Found a hazy altar of Hepliaklqana.
  2632 | D:3      | Reached skill level 5 in Axes
  2718 | D:3      | Noticed a bullfrog
  2730 | D:3      | Killed a bullfrog
  2731 | D:3      | Reached XP level 5. HP: 47/47 MP: 4/4
  2800 | D:3      | Noticed an ice beast
  2825 | D:3      | Killed an ice beast
  2826 | D:3      | Reached XP level 6. HP: 31/55 MP: 5/5
  3023 | D:3      | Found a sacrificial altar of Ru.
  3026 | D:3      | Noticed Sigmund
  3050 | D:3      | Killed Sigmund
  3051 | D:3      | Reached skill level 5 in Fighting
  3051 | D:3      | Reached skill level 6 in Axes
  3554 | D:3      | Noticed Jessica
  3576 | D:3      | Killed Jessica
  3921 | D:3      | Noticed Robin
  3930 | D:3      | Reached *** piety under Trog
  3937 | D:3      | Killed Robin
  3938 | D:3      | Reached XP level 7. HP: 61/61 MP: 6/6
  4378 | D:4      | Reached skill level 1 in Throwing
  4557 | D:4      | Noticed Natasha
  4563 | D:4      | Reached skill level 7 in Axes
  4567 | D:4      | Killed Natasha
  4901 | D:4      | Found a staircase to the Ecumenical Temple.
  4996 | D:4      | Found a shadowy altar of Dithmenos.
  5053 | D:4      | Noticed Natasha
  5061 | D:4      | Killed Natasha
  5062 | D:4      | Reached skill level 5 in Armour
  5132 | D:4      | Noticed Natasha
  5145 | D:4      | Killed Natasha
  5219 | D:5      | Entered Level 5 of the Dungeon
  5284 | D:5      | Found an ornate altar of the Wu Jian Council.
  5428 | D:5      | Identified the +1 spear of Faxuopy {protect, rElec}
  5906 | D:5      | Reached XP level 8. HP: 61/70 MP: 7/7
  6124 | D:6      | Reached skill level 5 in Dodging
  6187 | D:6      | Reached skill level 8 in Axes
  6241 | D:6      | Reached skill level 1 in Evocations
  6271 | D:6      | Found Kuafen's Magic Scroll Shop.
  6285 | D:6      | Found Wyigh's Antique Weapon Boutique.
  6507 | D:6      | Bought a scroll of identify for 26 gold pieces
  6507 | D:6      | Bought a scroll of identify for 26 gold pieces
  6507 | D:6      | Bought a scroll of identify for 26 gold pieces
  6507 | D:6      | Bought a scroll of fog for 26 gold pieces
  6507 | D:6      | Bought a scroll of fog for 26 gold pieces
  6507 | D:6      | Bought a scroll of magic mapping for 45 gold pieces
  6507 | D:6      | Bought 2 scrolls of magic mapping for 91 gold pieces
  6998 | D:6      | Found Peap's Magic Scroll Emporium.
  7113 | D:6      | Reached skill level 9 in Axes
  7478 | D:6      | Found Qynotyu's General Store.
  7663 | D:6      | Found an iron altar of Okawaru.
  7665 | D:6      | Found a blossoming altar of Fedhas.
  7672 | D:6      | Found a snail-covered altar of Cheibriados.
  7885 | D:6      | Reached XP level 9. HP: 78/78 MP: 8/8
  8623 | D:7      | Found Vopegady's Jewellery Shoppe.
  8650 | D:7      | Found a sand-covered staircase.
  8655 | Ossuary  | Entered an ossuary
  8734 | Ossuary  | Reached **** piety under Trog
  9342 | D:7      | Noticed a troll
  9356 | D:7      | Killed a troll
  9357 | D:7      | Reached skill level 10 in Axes
  9858 | D:7      | Noticed Joseph
  9893 | D:7      | Killed Joseph
 10125 | D:7      | Found Peeheu's Weapon Shoppe.
 10327 | D:7      | Found a runed translucent door.
 10328 | D:7      | Noticed Crazy Yiuf
 10334 | D:7      | Killed Crazy Yiuf
 10890 | D:8      | Found a shimmering blue altar of Sif Muna.
 11062 | D:8      | Reached XP level 10. HP: 88/88 MP: 9/9
 11074 | D:8      | Reached skill level 11 in Axes
 11296 | D:8      | Noticed a two-headed ogre
 11323 | D:8      | Killed a two-headed ogre
 12002 | D:9      | Found a runed translucent gate.
 12006 | D:9      | Found a runed translucent gate.
 12007 | D:9      | Found a runed translucent gate.
 12050 | D:9      | Noticed aves's ghost (novice DsDe)
 12050 | D:9      | Noticed Gargoyl's ghost (journeyman GnAK)
 12263 | D:9      | Reached skill level 12 in Axes
 12416 | D:9      | Found an ancient bone altar of Kikubaaqudgha.
 12446 | D:9      | Noticed a two-headed ogre
 12452 | D:9      | Killed a two-headed ogre
 12453 | D:9      | Reached skill level 5 in Evocations
 12461 | D:9      | Noticed a centaur warrior
 12471 | D:9      | HP: 4/91 [centaur warrior (6)]
 12472 | D:9      | Slain by a centaur warrior

Illustrated notes

Levels and vault maps discovered:
D:1:      erik_arrival_cave_to_civilisation [erik_arrival_cave_to_hall],
          layout_basic, hellmonk_ecumenical_altar_blasted
D:2:      layout_basic, basic_altar
D:3:      layout_rooms, old_standard_altar, minmay_diced_spiral, uniq_jessica,
          uniq_sigmund, uniq_robin
D:4:      layout_basic, nicolae_dithmenos_through_a_glass_darkly,
          minmay_temple_entry_statues_pillars, uniq_natasha
D:5:      layout_basic, lemuel_crystal_altar, roderic_cross_of_infinity
D:6:      layout_layer_cave, minitemple, serial_shops, kennysheep_little_box,
          nicolae_shop_trees, nicolae_shop_stone, shop,
          minmay_increasing_density
D:7:      layout_cave_pools, enter_ossuary_2, serial_shops, nicolae_shop_stone,
          shop, uniq_crazy_yiuf_cottage, uniq_joseph
D:8:      layout_basic, nicolae_sif_muna_condensation
D:9:      nzn_winding_woodlands_stair_cross [nzn_winding_woodlands_5x15_jagged,
          nzn_winding_woodlands_center_lodge,
          nzn_winding_woodlands_5x15_pathside_ponds,
          nzn_winding_woodlands_5x5_default,
          nzn_winding_woodlands_5x5_open_star,
          nzn_winding_woodlands_5x15_lazy_stream,
          nzn_winding_woodlands_center_garden,
          nzn_winding_woodlands_5x15_pockets], layout_loops_corners,
          mainiacjoe_overflow_brackets, gammafunk_ghost_cemetery

Skill      XL: |  1  2  3  4  5  6  7  8  9 10 |
---------------+-------------------------------+-----
Axes           | 4 5 6 7 9 10 12 | 12.1
Fighting       | 4 5 6 8 9 |  9.2
Armour         | 3 4 5 6 7 8 |  8.7
Dodging        | 3 4 5 7 8 |  8.2
Throwing       | 1 |  1.9
Evocations     | 2 3 5 |  5.0

Action                   |  1- 3 |  4- 6 |  7- 9 | 10-12 || total
-------------------------+-------+-------+-------+-------++-------
Melee: Hand axe          |    43 |   126 |    30 |       ||   199
       Headbutt          |    10 |    20 |    86 |    18 ||   134
       War axe           |       |       |   348 |    62 ||   410
Throw: Dart              |       |     2 |       |       ||     2
Invok: Berserk           |     4 |     7 |    15 |     4 ||    30
       Trog's Hand       |       |     2 |     3 |       ||     5
Evoke: Wand              |       |       |     7 |     6 ||    13
  Use: Scroll            |     1 |       |    14 |     3 ||    18
       Potion            |       |       |     1 |     3 ||     4
Armor: Animal skin       |     2 |       |       |       ||     2
       Ring mail         |     8 |    28 |     8 |    20 ||    64
       Chain mail        |       |     4 |   172 |       ||   176
       Plate armour      |       |       |     3 |       ||     3
Dodge: Dodged            |    39 |    55 |   183 |    42 ||   319

Table legend: (Time is in decaauts)
 A = Elapsed time spent in this place.
 B = Non-inter-level travel time spent in this place.
 C = Inter-level travel time spent in this place.
 D = Time resting spent in this place.
 E = Time spent auto-exploring this place.
 F = Levels seen in this place.
 G = Mean time per level.
                   A        B        C        D        E       F      G
               +--------+--------+--------+--------+--------+-----+--------+
         Total |  12793 |  12619 |    174 |   4484 |   5251 |  10 | 1279.3 |
       Dungeon |  12423 |  12249 |    174 |   4429 |   5178 |   9 | 1380.3 |
       Ossuary |    369 |    369 |      0 |     55 |     73 |   1 |  369.0 |
               +--------+--------+--------+--------+--------+-----+--------+

Top non-repeatable levels by time:
     D:6: 2574 daAuts
     D:1: 1704 daAuts
     D:7: 1467 daAuts
     D:8: 1401 daAuts
     D:3: 1291 daAuts
     D:2: 1215 daAuts
     D:4: 1179 daAuts
     D:5: 927 daAuts
     D:9: 661 daAuts
 Ossuary: 369 daAuts
